 Seeded DCSS version 0.31-a0-66-ge618eeaa78 (webtiles) character file.

Game seed: 12735965570273765983 (custom seed)

772 Pimp the Shooter (level 7, -7/42 HPs)
             Began as a Deep Elf Hunter on May 22, 2023.
             Engulfed by a steam dragon's steam (8 damage)
             ... on level 7 of the Dungeon.
             The game lasted 00:06:47 (2806 turns).

Pimp the Shooter (Deep Elf Hunter)                  Turns: 2806, Time: 00:06:47

Health: -7/42      AC:  4    Str:  7    XL:     7   Next: 53%
Magic:  18/18      EV: 20    Int: 13    God:
Gold:   797        SH:  5    Dex: 24    Spells: 6/6 levels left

rFire   . . .        a - +0 shortbow
rCold   . . .        (shield currently unavailable)
rNeg    . . .        c - +0 leather armour
rPois   .            (no helmet)
rElec   .            (no cloak)
rCorr   +            g - +0 pair of gloves
SInv    .            (no boots)
Will    +....        d - amulet of the Queen {Reflect rCorr SH+5}
Stlth   +++          j - +5 ring of evasion
HPRegen 0.27/turn    p - ring of magical power
MPRegen 0.16/turn

%: reflection
@: no status effects
A: agile 1, strong-willed 1
a: no special abilities


You were on level 7 of the Dungeon.
You visited 1 branch of the dungeon, and saw 5 of its levels.

You collected 1117 gold pieces.
You spent 320 gold pieces at shops.

Inventory:

Hand Weapons
 a - a +0 shortbow (weapon)
Armour
 c - a +0 leather armour (worn)
 g - a +0 pair of gloves (worn)
Jewellery
 d - the amulet of the Queen (around neck) {Reflect rCorr SH+5}
   (You acquired it on level 1 of the Dungeon)

   [amulet of reflection]

   It reflects blocked missile attacks.
   rCorr:     It protects you from acid and corrosion.
   SH:        It affects your SH (+5).
 j - a +5 ring of evasion (left hand)
 p - a ring of magical power (right hand)
 q - an amulet of the acrobat
 r - a ring of protection from cold
Wands
 i - a wand of light (10)
Scrolls
 b - a scroll of immolation
 n - 3 scrolls of enchant armour
 o - a scroll of enchant weapon
 t - a scroll of silence
 u - a scroll of noise
Potions
 f - 3 potions of mutation
 h - a potion of berserk rage {unknown}
 k - a potion of brilliance {unknown}
 l - 2 potions of attraction
 m - a potion of ambrosia {unknown}
 s - 2 potions of cancellation {unknown}


   Skills:
 + Level 3.7 Fighting
 * Level 7.9 Ranged Weapons
 + Level 5.5 Dodging
 - Level 5.1 Stealth


You had 6 spell levels left.
You didn't know any spells.
Your spell library contained the following spells:

 Spells                   Type           Power      Damage    Failure   Level
 Dazzling Flash           Conj/Hex       0%         N/A       80%         3
 Volatile Blastmotes      Fire/Tloc      0%         2d10      80%         3
 Iskenderun's Mystic Bla  Conj/Tloc      0%         2d3       99%         4
 Starburst                Conj/Fire      0%         6d3       100%        6


Dungeon Overview and Level Annotations

Branches:
Dungeon (7/15)
 Temple: D:4-7

Altars:
Gozag

Shops:
D:3 ?

Annotations:
D:6 2 runed translucent doors, Sabo's ghost, novice VSFi


Innate Abilities, Weirdness & Mutations

You are agile. (Dex +4, Str/Int -1)
You are strong-willed. (Will+)


Message History

Found 5 poisoned darts.
No target in view!
No target in view!
You open the door.
There is an open door here.
There is an open door here.
A steam dragon comes into view.
You shoot an arrow.
The arrow hits the steam dragon but does no damage.
The steam dragon hisses angrily.
You shoot an arrow. The arrow hits the steam dragon.
The steam dragon is lightly wounded.
You shoot an arrow. The arrow hits the steam dragon!
The steam dragon is moderately wounded.
No target in view!
No target in view!
The steam dragon breathes steam at you. The ball of steam hits you!
You hear a croak.
You're standing in a cloud of steam!
No target in view!
No target in view!
You're standing in a cloud of steam!
You are engulfed in a cloud of scalding steam.
You shoot an arrow.
The arrow barely misses the steam dragon.
You are engulfed in a cloud of scalding steam.
The steam dragon bites you!
* * * LOW HITPOINT WARNING * * *
The steam dragon barely misses you.
You shoot an arrow. The arrow hits the steam dragon.
The steam dragon is moderately wounded.
You are engulfed in a cloud of scalding steam.
* * * LOW HITPOINT WARNING * * *
The steam dragon misses you. You block the steam dragon's attack.
You shoot an arrow.
The arrow hits the steam dragon but does no damage.
The steam dragon is moderately wounded.
You are engulfed in a cloud of scalding steam.
You die...

#.#######
##.#####
##......###
#.......'.#
#.#.....#.###
#.#.)...#...#
#.#.....###.#
#.#.#.......#
#.#@##.######
..#D##.#
..#§...#
...§.# .....#
...(..#
...#### .####


You could see a steam dragon.

Vanquished Creatures
  An ice beast (D:6)
  A sky beast (D:7)
  A centaur (D:6)
  3 scorpions (D:6)
  A howler monkey (D:6)
  2 hounds (D:6)
  A jelly (D:6)
  Jessica (D:2)
  A sleepcap (D:6)
  3 adders
  4 gnolls (D:6)
  A white imp (D:6)
  4 worms (D:2)
  2 dart slugs (D:2)
  5 orcs
  6 ball pythons
  5 endoplasms
  A giant cockroach (D:3)
  3 goblins
  8 hobgoblins
  7 jackals
  2 quokkas (D:1)
  4 bats
  2 frilled lizards
  4 kobolds
  4 rats
77 creatures vanquished.

Notes
Turn   | Place    | Note
-------+----------+-------------------------------------------
     0 | D:1      | Pimp the Deep Elf Hunter began the quest for the Orb.
     0 | D:1      | Reached XP level 1. HP: 12/12 MP: 3/3
    46 | D:1      | Identified 2 scrolls of acquirement
    46 | D:1      | Acquired the amulet of the Queen {Reflect rCorr SH+5}
    47 | D:1      | Acquired 1001 gold pieces
   148 | D:1      | Reached XP level 2. HP: 17/17 MP: 4/4
   627 | D:1      | Reached XP level 3. HP: 21/21 MP: 5/5
   721 | D:2      | Noticed Jessica
   734 | D:2      | Killed Jessica
   782 | D:2      | Reached XP level 4. HP: 21/26 MP: 6/6
   912 | D:2      | Reached skill level 6 in Ranged Weapons
   941 | D:2      | Found an opulent altar of Gozag.
  1149 | D:3      | Found Liryusam's Magic Scroll Emporium.
  1158 | D:3      | Bought a scroll of enchant armour for 75 gold pieces
  1158 | D:3      | Bought a scroll of enchant weapon for 75 gold pieces
  1158 | D:3      | Bought a scroll of enchant armour for 75 gold pieces
  1158 | D:3      | Bought a scroll of identify for 20 gold pieces
  1158 | D:3      | Bought a scroll of enchant armour for 75 gold pieces
  1398 | D:3      | You fall into a shaft and drop 3 floors!
  1468 | D:6      | Reached XP level 5. HP: 27/31 MP: 7/7
  1599 | D:6      | Noticed a centaur
  1638 | D:6      | Gained mutation: You are agile. (Dex +4, Str/Int -1)
                  | [potion of mutation]
  1638 | D:6      | Gained mutation: You are strong-willed. (Will+) [potion of
                  | mutation]
  1655 | D:6      | Killed a centaur
  1656 | D:6      | Reached XP level 6. HP: 20/36 MP: 8/8
  1844 | D:6      | Noticed an ice beast
  1855 | D:6      | Killed an ice beast
  1856 | D:6      | Reached skill level 7 in Ranged Weapons
  1929 | D:6      | Found a runed translucent door.
  1934 | D:6      | Noticed Sabo's ghost (novice VSFi)
  1958 | D:6      | Reached skill level 5 in Dodging
  1958 | D:6      | Reached skill level 5 in Stealth
  1958 | D:6      | Reached XP level 7. HP: 6/41 MP: 9/9
  2276 | D:6      | Found a runed translucent door.
  2798 | D:7      | Noticed a steam dragon
  2805 | D:7      | HP: 1/42 [steam dragon] (5)]
  2806 | D:7      | Engulfed by a steam dragon's steam

Illustrated notes

Levels and vault maps discovered:
D:1:      dpeg_arrival_long_road, layout_loops_cross, hex_tiny
D:2:      layout_rooms, basic_altar, uniq_jessica
D:3:      layout_rooms, serial_shops, shop, st_stairs_8, grunt_ministairs_10
D:6:      layout_loops_ring, ebering_ghost_sewer_f
D:7:      layout_basic, mainiacjoe_overflow_tiny_flanked

Skill      XL: |  1  2  3  4  5  6 |
---------------+-------------------+-----
Stealth        | 2 3 4 5 |  5.1
Dodging        | 3 4 5 |  5.5
Fighting       | 2 3 |  3.7
Ranged Weapons | 6 7 |  7.9

Action                     |  1- 3 |  4- 6 |  7- 9 || total
---------------------------+-------+-------+-------++-------
   Fire: Shortbow          |    86 |   196 |    46 ||   328
    Use: Scroll            |     2 |       |     3 ||     5
         Potion            |     1 |     3 |       ||     4
 Armour: Leather armour    |    12 |     7 |     2 ||    21
  Dodge: Dodged            |    23 |    80 |    15 ||   118
  Block: Other             |    12 |    28 |     1 ||    41
         Reflection        |       |     3 |       ||     3

Table legend: (Time is in decaauts)
 A = Elapsed time spent in this place.
 B = Non-inter-level travel time spent in this place.
 C = Inter-level travel time spent in this place.
 D = Time resting spent in this place.
 E = Time spent auto-exploring this place.
 F = Levels seen in this place.
 G = Mean time per level.
                   A        B        C        D        E       F      G
               +--------+--------+--------+--------+--------+-----+--------+
         Total |   2852 |   2814 |     38 |    404 |   1736 |   5 |  570.4 |
       Dungeon |   2852 |   2814 |     38 |    404 |   1736 |   5 |  570.4 |
               +--------+--------+--------+--------+--------+-----+--------+

Top non-repeatable levels by time:
     D:6: 1197 daAuts
     D:1: 678 daAuts
     D:2: 460 daAuts
     D:3: 289 daAuts
     D:7: 227 daAuts
